 Dungeon Crawl Stone Soup version 0.31.0-11-ge490571c62 (webtiles) character file.

Game seed: 2986516421869638145

4557 MollyMolluskus the Grappler (level 10, -4/71 HPs)
             Began as an Octopode Fighter on Feb 3, 2024.
             Shot with a bolt by a centaur (14 damage)
             ... on level 8 of the Dungeon.
             The game lasted 00:31:17 (7805 turns).

MollyMolluskus the Grappler (Octopode Fighter)      Turns: 7805, Time: 00:31:18

Health: -4/71      AC:  5    Str: 25    XL:     10   Next: 40%
Magic:  10/10      EV: 20    Int: 12    God:
Gold:   523        SH:  7    Dex: 11    Spells: 9/9 levels left

rFire   . .          .
                       - Unarmed
rCold   . . .        a - +3 buckler
rNeg    + . .        (helmet restricted)
rPois   .            k - amulet of the acrobat
rElec   .            h - +6 ring of strength
rCorr   .            l - ring of positive energy
SInv    +            p - ring of flight
Will    .....        t - +4 ring of protection
Stlth   +++          C - ring of see invisible
HPRegen 0.31/turn    E - +5 ring of evasion
MPRegen 0.12/turn    (no ring)
                     (no ring)

%: acrobat
@: flying
A: almost no armour, amphibious, 8 rings, camouflage 1, gelatinous body 1,
(nimble swimmer 1), tentacles
a: no special abilities


You were on level 8 of the Dungeon.
You visited 2 branches of the dungeon, and saw 9 of its levels.
You also visited: Ossuary.

You collected 523 gold pieces.

Inventory:

Hand Weapons
 b - a +5 dagger of draining
Missiles
 c - 3 curare-tipped darts
 f - 20 boomerangs (quivered)
 g - 5 javelins
Armour
 a - a +3 buckler (worn)
Jewellery
 h - a +6 ring of strength (left tentacle)
 k - an amulet of the acrobat (around mantle)
 l - a ring of positive energy (right tentacle)
 p - a ring of flight (on tentacle)
 t - a +4 ring of protection (on tentacle)
 C - a ring of see invisible (on tentacle)
 E - a +5 ring of evasion (on tentacle)
Wands
 j - a wand of polymorph (14)
 r - a wand of light (8)
 A - a wand of charming (6)
Scrolls
 e - 5 scrolls of fog
 s - 6 scrolls of teleportation
 u - 2 scrolls of fear
 y - a scroll of silence
 D - 2 scrolls of enchant armour
Potions
 d - 2 potions of ambrosia
 i - 3 potions of attraction
 m - 2 potions of berserk rage
 n - 3 potions of enlightenment {unknown}
 o - 2 potions of cancellation {unknown}
 q - a potion of might
 v - a potion of invisibility {unknown}
 w - 2 potions of curing
 x - a potion of heal wounds {unknown}
 z - a potion of haste {unknown}
 B - 2 potions of lignification {unknown}


   Skills:
 + Level 7.4 Fighting
 + Level 1.9 Short Blades
 - Level 4.0 Throwing
 + Level 7.4 Dodging
 - Level 4.0 Stealth
 - Level 4.0 Shields
 * Level 9.9 Unarmed Combat


You had 9 spell levels left.
You didn't know any spells.
Your spell library contained the following spells:

 Spells                   Type           Power      Damage    Failure   Level
 Apportation              Tloc           0%         N/A       36%         1
 Jinxbite                 Hex            0%         N/A       52%         2
 Frozen Ramparts          Ice            0%         1d1       75%         3
 Leda's Liquefaction      Alch/Erth      0%         N/A       98%         4
 Petrify                  Alch/Erth      0%         N/A       98%         4
 Alistair's Intoxication  Alch           0%         N/A       100%        5
 Metabolic Englaciation   Hex/Ice        0%         N/A       100%        5
 Yara's Violent Unravell  Hex/Alch       0%         3d3       100%        5
 Enfeeble                 Hex            0%         N/A       100%        7


Dungeon Overview and Level Annotations

Branches:
Dungeon (8/15)             Temple (1/1) D:6         Ossuary (visited)
   Lair: D:8-11

Altars:
Ashenzari
Cheibriados
Dithmenos
Elyvilon
Fedhas
Hepliaklqana
Makhleb
Nemelex Xobeh
Okawaru
Qazlal
Ru
Sif Muna
Trog
Uskayaw
Vehumet
Xom
Yredelemnul
Zin
The Shining One

Portals:
Bailey: D:8

Annotations:
D:4 1 runed translucent door, Arctor's ghost, novice DEFE
D:6 Dowan; Duvessa


Innate Abilities, Weirdness & Mutations

You cannot wear most types of armour.
You are amphibious.
You can wear up to eight rings at the same time.
Your skin changes colour to match your surroundings (Stealth+).
Your rubbery body absorbs attacks. (AC +1, EV +1)
((You are camouflaged when in or above water. (Stealth+)))
You have tentacles for arms and can constrict up to eight enemies at once.


Message History

You bludgeon the goblin!
You kill the goblin!
A centaur comes into view. It is wielding a +0 arbalest.
The water moccasin bites you.
* * * LOW HITPOINT WARNING * * *
You are lethally poisoned!
The water moccasin poisons you!
You closely miss the water moccasin. You grab the water moccasin.
You constrict the water moccasin.
* * * LOW HITPOINT WARNING * * *
You feel very sick.
The centaur shoots a bolt.
The bolt closely misses you. You block the water moccasin's attack.
The centaur shoots a bolt.
You block the bolt.
You feel better.
You constrict the water moccasin. You block the water moccasin's attack.
The centaur shoots a bolt.
The bolt hits you!
* * * LOW HITPOINT WARNING * * *
Unknown command.
As you read the scroll of fog, it dissolves into smoke.
You constrict the water moccasin. You block the water moccasin's attack.
The centaur shoots a bolt.
The bolt barely misses you.
The water moccasin completely misses you.
The centaur shoots a bolt.
You block the bolt.
Unknown command.
You release your grip on the water moccasin.
The water moccasin completely misses you.
Unknown command.
You miss the water moccasin. You grab the water moccasin.
You squeeze the water moccasin!
The water moccasin is severely wounded.
You constrict the water moccasin. You block the water moccasin's attack.
The centaur shoots a bolt.
The bolt closely misses you.
You hear a shout!
Unknown command.
You bludgeon the water moccasin!
You kill the water moccasin!
The centaur shoots a bolt.
You block the bolt.
The centaur shoots a bolt.
The bolt hits you!
You die...

..##..#... #
#.##>##...c######
##.#.##......#.....##
#..#.##......g......##
⌠⌠
..⌠..............[...#
Do #............>....#
#g #.§§§....)........#
##o
##.#§§§............#
##..
##..#@§§§....<......#
..⌠
##..###§§§.........>!.
#..###)###...#
##§§...#>.......
#.....).)...#
###.#####.#.≈≈≈
####..####)## #.# [#
≈g> ....# #)# #.# # g∩
...### #)# #.# ## #)#
##.# ########.# #..#


You could see a centaur and a goblin.

Vanquished Creatures
  A hornet (D:8)
  A steam dragon (D:6)
  2 water moccasins
  A black bear (D:5)
  5 orc warriors
  2 sky beasts (D:7)
  3 ogres
  A phantom (D:5)
  An elf zombie (Ossuary)
  A weeping skull (Ossuary)
  A kobold brigand (D:8)
  3 bullfrogs
  A gnoll sergeant (D:3)
  A wyvern zombie (D:6)
  5 scorpions
  9 wights
  2 burial acolytes (Ossuary)
  2 bullfrog zombies (D:6)
  4 centaur zombies (D:6)
  4 orc priests
  A bombardier beetle (D:7)
  A jelly (D:5)
  A human zombie (Ossuary)
  2 gnoll boudas
  5 hounds
  An iguana (D:7)
  Jessica (D:2)
  7 orc wizards
  2 killer bee zombies (D:6)
  5 hound zombies (Ossuary)
  2 mummies (Ossuary)
  Robin (D:2)
  2 howler monkey zombies (D:6)
  17 gnolls
  6 adders
  6 ufetubi
  4 dart slugs
  A ribbon worm (D:2)
  58 orcs
  9 bats
  9 endoplasms
  5 giant cockroaches
  3 gnoll zombies (Ossuary)
  16 goblins
  14 hobgoblins
  19 jackals
  15 kobolds
  3 quokkas
  3 ball pythons
  3 frilled lizards
  3 orc zombies (Ossuary)
  7 rats
282 creatures vanquished.

Vanquished Creatures (collateral kills)
  An ogre (D:5)
  A bombardier beetle (D:6)
  A white imp (D:5)
  2 ufetubi (D:5)
  2 orcs
7 creatures vanquished.

Vanquished Creatures (others)
  2 orc wizards
2 creatures vanquished.

Grand Total: 291 creatures vanquished

Notes
Turn   | Place    | Note
-------+----------+-------------------------------------------
     0 | D:1      | MollyMolluskus the Octopode Fighter began the quest for the
                  | Orb.
     0 | D:1      | Reached XP level 1. HP: 16/16 MP: 1/1
   240 | D:1      | Reached XP level 2. HP: 18/21 MP: 2/2
   678 | D:1      | Reached skill level 1 in Stealth
   715 | D:1      | Found a faded altar of an unknown god.
   954 | D:2      | Noticed Jessica
   958 | D:2      | Killed Jessica
   959 | D:2      | Reached XP level 3. HP: 19/26 MP: 3/3
  1006 | D:2      | Noticed Robin
  1031 | D:2      | Reached XP level 4. HP: 19/31 MP: 4/4
  1036 | D:2      | Reached skill level 3 in Unarmed Combat
  1101 | D:2      | Killed Robin
  1646 | D:2      | Reached XP level 5. HP: 36/36 MP: 5/5
  1696 | D:2      | Found a sparkling altar of Nemelex Xobeh.
  1746 | D:3      | Found a broken altar of Ashenzari.
  1964 | D:3      | Found a sacrificial altar of Ru.
  1968 | D:3      | Found a hide-covered altar of Uskayaw.
  2270 | D:3      | Reached skill level 1 in Throwing
  2270 | D:3      | Reached XP level 6. HP: 37/43 MP: 6/6
  2486 | D:3      | Reached skill level 4 in Unarmed Combat
  2970 | D:3      | Reached XP level 7. HP: 40/48 MP: 7/7
  3490 | D:4      | Reached skill level 5 in Unarmed Combat
  3799 | D:4      | Found a runed translucent door.
  3800 | D:4      | Noticed Arctor's ghost (novice DEFE)
  4113 | D:5      | Entered Level 5 of the Dungeon
  4144 | D:5      | Reached XP level 8. HP: 54/54 MP: 8/8
  4257 | D:5      | Reached skill level 6 in Unarmed Combat
  4260 | D:5      | Reached skill level 5 in Fighting
  4333 | D:5      | Found a sand-covered staircase.
  4341 | D:5      | Reached skill level 5 in Dodging
  4347 | Ossuary  | Entered an ossuary
  4802 | D:5      | Reached skill level 7 in Unarmed Combat
  4802 | D:5      | Reached XP level 9. HP: 61/61 MP: 9/9
  4875 | D:5      | Found a stormy altar of Qazlal.
  5645 | D:6      | Reached skill level 8 in Unarmed Combat
  5889 | D:6      | Found a staircase to the Ecumenical Temple.
  5903 | Temple   | Entered the Ecumenical Temple
  6600 | D:6      | Noticed Duvessa
  6600 | D:6      | Noticed Dowan
  6813 | D:7      | Reached skill level 9 in Unarmed Combat
  6910 | D:7      | Reached XP level 10. HP: 62/69 MP: 10/10
  7434 | D:7      | Reached skill level 1 in Short Blades
  7458 | D:7      | Found a glowing silver altar of Zin.
  7689 | D:8      | Paralysed by a hornet for 1 turns
  7770 | D:8      | Found a flagged portal.
  7805 | D:8      | Shot with a bolt by a centaur

Illustrated notes

Levels and vault maps discovered:
D:1:      dpeg_arrival_orchard, layout_loops_corners,
          shapermc_ecumenical_altar_mp_urbaneastern
D:2:      layout_basic, basic_altar, kennysheep_cross_room, uniq_robin,
          uniq_jessica
D:3:      lemuel_castle_with_subvaults [lemuel_castle_interior_original],
          layout_basic, nicolae_overflow_hidden_temple, amcnicky_altar_gilded,
          serial_bayou, serial_bayou_shore_b, serial_bayou_pond_d,
          serial_bayou_ford_a, serial_bayou_pond_b, dk_vineyard_2
D:4:      layout_loops_ring, gammafunk_ghost_grave
D:5:      layout_gridville, lemuel_round_altar, nicolae_ossuary_entry_ruins,
          small_statue_intersection
D:6:      dreamdust_elfheim, layout_basic, minmay_temple_entry_tees,
          serial_undead, serial_undead_f, serial_undead_e, serial_undead_e,
          serial_undead_a
D:7:      layout_basic, mainiacjoe_overflow_alcove_2
D:8:      minmay_the_grid_octo_tiled_octocenter
          [minmay_the_grid_octo_thin_diamonds, minmay_the_grid_octo_checkered,
          minmay_the_grid_octo_tetromino_candy, minmay_the_grid_octo_clover_2,
          minmay_the_grid_octo_prize_single_spiral,
          minmay_the_grid_square_5x5_z, minmay_the_grid_square_5x5_two_walls_b,
          minmay_the_grid_square_5x5_n_small,
          minmay_the_grid_square_5x5_sharp_hourglass], layout_rooms,
          enter_bailey_5, nicolae_diode_intersection
Temple:   nicolae_temple_great_sept

Skill      XL: |  1  2  3  4  5  6  7  8  9 10 |
---------------+-------------------------------+-----
Stealth        | 1 2 3 4 |  4.0
Unarmed Combat | 3 4 5 7 9 |  9.9
Throwing       | 1 2 4 |  4.0
Fighting       | 4 5 6 7 |  7.4
Dodging        | 4 5 6 7 |  7.4
Shields        | 4 |  4.0
Short Blades   | 1 |  1.9

Action                     |  1- 3 |  4- 6 |  7- 9 | 10-12 || total
---------------------------+-------+-------+-------+-------++-------
  Melee: Unarmed           |    46 |   169 |   174 |    99 ||   488
         Constrict         |    13 |    59 |    76 |    26 ||   174
         Tentacles         |    11 |    47 |    72 |    24 ||   154
         Punch             |       |     6 |    13 |     6 ||    25
         Dagger            |       |       |   104 |     1 ||   105
  Throw: Boomerang         |       |     4 |     7 |     3 ||    14
         Dart              |       |       |     1 |       ||     1
         Javelin           |       |       |    13 |       ||    13
  Evoke: Wand              |       |       |     2 |     2 ||     4
    Use: Scroll            |     4 |     2 |    15 |     1 ||    22
         Potion            |       |       |     1 |     2 ||     3
   Stab: Sleeping          |     6 |     5 |    18 |     1 ||    30
         Distracted        |       |     1 |     1 |     1 ||     3
 Armour: Skin              |    19 |    44 |   102 |    40 ||   205
  Dodge: Dodged            |    18 |   100 |   152 |    48 ||   318
  Block: Buckler           |    10 |    35 |    78 |    27 ||   150
